 Dungeon Sprint DCSS version 0.26-a0-964-g69f9a3b9e2 (webtiles) character file.

Game seed: 994017889090957404

103469220 sahdkjhfkaj the Barachian Ballista (level 24, 510/510 HPs)
             Began as a Barachi Hunter on Dec 2, 2020.
             Was an Elder of Sif Muna.
             Escaped with the Orb
             ... and 17 runes!
             The game lasted 00:47:44 (17662 turns).

sahdkjhfkaj the Barachian Ballista (BaHu)          Turns: 17662, Time: 00:47:44

Health: 510/510    AC: 20    Str: 31    XL:     24   Next: 36%
Magic:  54/54      EV: 21    Int: 14    God:    Sif Muna [****..]
Gold:   1968       SH:  0    Dex: 15    Spells: 58/77 levels left

rFire    + + +     SeeInvis .   (weapon currently unavailable)
rCold    x . .     Faith    .   (shield currently unavailable)
rNeg     . . .     Spirit   .   (armour currently unavailable)
rPois    +         Reflect  .   (helmet currently unavailable)
rElec    .         Harm     .   (cloak currently unavailable)
rCorr    .         Rampage  .   (gloves currently unavailable)
MR       +....     NoTele   +   (boots currently unavailable)
Stlth    ..........             H - amulet of regeneration
HPRegen  1.35/turn              I - +4 ring of protection
MPRegen  0.34/turn              o - ring of protection from fire

@: confused, brilliant, berserking, dragon-form, portal projectile, attractive,
flying, very slightly contaminated, hasted, invisible, very quick
A: giant, +LOS, swims, mutation resistance 1
0: Orb of Zot
}: 17/17 runes: decaying, serpentine, barnacled, slimy, elven, silver, golden,
iron, obsidian, icy, bone, abyssal, glowing, magical, fiery, dark, gossamer
a: End Transformation, Channel Magic, Forget Spell, Divine Exegesis, Renounce
Religion, Breathe Fire, Cancel Portal Projectile


You escaped.
You worshipped Sif Muna.
Sif Muna was greatly pleased with you.
You were a fearsome dragon!
You visited 1 branch You collected 1968 gold pieces.

Inventory:

Hand Weapons
 a - a +7 scimitar of draining (melded)
Missiles
 c - 15 atropa-tipped darts
 d - 4 throwing nets {!f}
 j - 9 boomerangs of dispersal
 n - 11 curare-tipped darts
 w - 20 boomerangs
 x - 35 javelins
 C - 11 silver javelins (quivered)
Armour
 b - a +1 cloak (melded)
 p - the +10 tower shield of Ignorance (melded) {rN+ Int-4}
   (You found it in the Dungeon)

   It affects your intelligence (-4).
   It protects you from negative energy.
 r - a +2 pair of boots (melded)
 A - the +16 crystal plate armour of Activism (melded) {Rampage Regen+ Dex+5}
   (Okawaru gifted it to you in the Dungeon)

   It affects your dexterity (+5).
   It increases your rate of regeneration.
   It bestows one free step when moving towards enemies.
 K - a +2 pair of gloves (melded)
 N - a +0 helmet of see invisible (melded)
Jewellery
 o - a ring of protection from fire (right foreclaw)
 H - an amulet of regeneration (around neck)
 I - a +4 ring of protection (left foreclaw)
Scrolls
 l - 6 scrolls of remove curse {!r}
 m - 2 scrolls of amnesia {!r}
 s - 2 scrolls of fear {!r}
 t - 8 scrolls of enchant armour {!r}
 u - 4 scrolls of enchant weapon {!r}
 v - 6 scrolls of blinking {!r}
 y - 10 scrolls of identify {!r}
 J - a scroll of random uselessness {!r, unknown}
 M - a scroll of fog {!r}
Potions
 e - 10 potions of curing {!q}
 g - 8 potions of haste {!q}
 h - 9 potions of magic {!q}
 q - 2 potions of brilliance {!q}
 B - 3 potions of attraction {!q}
 F - a potion of mutation {!q}
Miscellaneous
 D - the horn of Geryon


   Skills:
 O Level 27 Fighting
 O Level 27 Long Blades
 O Level 27 Throwing
 O Level 27 Armour
 O Level 27 Dodging
 O Level 27 Stealth
 - Level 25.0 Shields
 O Level 27 Spellcasting
 - Level 21.1 Hexes
 - Level 19.7 Necromancy
 - Level 21.1 Translocations
 + Level 26.8 Transmutations
 - Level 20.4 Earth Magic
 O Level 27 Invocations
 - Level 18.0 Evocations


You had 58 spell levels left.
You knew the following spells:

 Your Spells              Type           Power        Failure   Level
a - Borgnjor's Vile Clut  Necr/Erth      #######...   0%          5
A - Passage of Golubria   Tloc           N/A          0%          4
D - Dragon Form           Tmut           #######...   1%          7
P - Portal Projectile     Hex/Tloc       ######       0%          3

Your spell library contained the following spells:

 Spells                   Type           Power        Failure   Level
 Animate Skeleton         Necr           ######       0%          1
 Apportation              Tloc           ######       0%          1
 Corona                   Hex            #######      0%          1
 Pain                     Necr           ####         0%          1
 Sandblast                Erth           ######       0%          1
 Sting                    Tmut/Pois      ####         0%          1
 Blink                    Tloc           N/A          0%          2
 Passwall                 Tmut/Erth      #######.     0%          2
 Slow                     Hex            #######.     0%          2
 Sublimation of Blood     Necr           #######...   0%          2
 Confusing Touch          Hex            #######.     0%          3
 Gell's Gravitas          Tloc           #######...   0%          3
 Lesser Beckoning         Tloc           #######...   0%          3
 Teleport Other           Tloc           #######.     0%          3
 Tukima's Dance           Hex            #######.     0%          3
 Vampiric Draining        Necr           #######...   0%          3
 Animate Dead             Necr           #######...   0%          4
 Cause Fear               Hex            #######...   0%          4
 Dispel Undead            Necr           #######.     0%          4
 Leda's Liquefaction      Hex/Erth       #######...   0%          4
 Petrify                  Tmut/Erth      #######.     0%          4
 Agony                    Necr           #######.     0%          5
 Blade Hands              Tmut           #######...   0%          5
 Excruciating Wounds      Necr           #######...   0%          5
 Lee's Rapid Deconstruct  Erth           #######...   0%          5
 Yara's Violent Unravell  Hex/Tmut       #######...   0%          5
 Foxfire                  Conj/Fire      ####         1%          1
 Shock                    Conj/Air       ####         1%          1
 Summon Small Mammal      Summ           ####         1%          1
 Corpse Rot               Necr/Air       N/A          1%          2
 Ensorcelled Hibernation  Hex/Ice        ######       1%          2
 Dazzling Flash           Conj/Hex       ######       1%          3
 Ignite Poison            Fire/Tmut/Pois ######..     1%          3
 Inner Flame              Hex/Fire       ######..     1%          3
 Spider Form              Tmut/Pois      ######....   1%          3
 Stone Arrow              Conj/Erth      ######       1%          3
 Summon Guardian Golem    Hex/Summ       ######..     1%          3
 Fulminant Prism          Conj/Hex       ######....   1%          4
 Ice Form                 Ice/Tmut       ######..     1%          4
 Iskenderun's Mystic Bla  Conj/Tloc      ######..     1%          4
 Alistair's Intoxication  Tmut/Pois      ######...    1%          5
 Irradiate                Conj/Tmut      ######....   1%          5
 Metabolic Englaciation   Hex/Ice        ######....   1%          5
 Silence                  Hex/Air        ######....   1%          5
 Summon Forest            Summ/Tloc      ######....   1%          5
 Summon Mana Viper        Hex/Summ       ######..     1%          5
 Death Channel            Necr           #######...   1%          6
 Dispersal                Tloc           #######...   1%          6
 Eringya's Noxious Bog    Tmut/Pois      ######....   1%          6
 Invisibility             Hex            #######.     1%          6
 Statue Form              Tmut/Erth      #######..    1%          6
 Discord                  Hex            #######...   1%          8
 Disjunction              Tloc           #######...   1%          8
 Necromutation            Tmut/Necr      #######...   1%          8
 Call Imp                 Summ           ####....     2%          2
 Poisonous Vapours        Pois/Air       ####..       2%          2
 Bolt of Magma            Conj/Fire/Erth ######....   3%          5
 Borgnjor's Revivificati  Necr           #######...   3%          8
 Infestation              Necr           #######...   3%          8
 Iron Shot                Conj/Erth      ######....   4%          6
 Simulacrum               Ice/Necr       ######....   4%          6
 Call Canine Familiar     Summ           ####....     5%          3
 Conjure Flame            Conj/Fire      ####....     5%          3
 Frozen Ramparts          Ice            ####..       5%          3
 Mephitic Cloud           Conj/Pois/Air  ####....     5%          3
 Static Discharge         Conj/Air       ####....     5%          3
 Hailstorm                Conj/Ice       ####....     19%         4
 Olgreb's Toxic Radiance  Pois           ####....     19%         4
 Summon Lightning Spire   Summ/Air       ####....     19%         4
 Malign Gateway           Summ/Tloc      ######....   21%         7
 Haunt                    Necr/Summ      ######....   26%         7
 Shatter                  Erth           #######...   41%         9
 Fireball                 Conj/Fire      ####......   45%         5
 Iskenderun's Battlesphe  Conj           ####....     45%         5
 Death's Door             Necr           #######...   50%         9
 Lehudib's Crystal Spear  Conj/Erth      ######....   88%         8
 Conjure Ball Lightning   Conj/Air       ####......   95%         6
 Freezing Cloud           Conj/Ice/Air   ####......   95%         6
 Shadow Creatures         Summ           N/A          95%         6
 Spellforged Servitor     Conj/Summ      ####......   100%        7
 Summon Hydra             Summ           ####......   100%        7
 Chain Lightning          Conj/Air       ####......   100%        8
 Absolute Zero            Ice            ####......   100%        9
 Fire Storm               Conj/Fire      ####......   100%        9


Dungeon Overview and Level Annotations

Branches:
Dungeon (1/1)

Altars:
Cheibriados
Dithmenos
Elyvilon
Fedhas
Gozag
Hepliaklqana
Kikubaaqudgha
Makhleb
Nemelex Xobeh
Okawaru
Qazlal
Ru
Sif Muna
Trog
Uskayaw
Vehumet
Wu Jian
Xom
Yredelemnul
Zin
The Shining One
Beogh
Jiyva
Lugonu

Shops:
D *??(


Innate Abilities, Weirdness & Mutations

You can be seen from farther away. (+LOS)
You can swim through water.
((You cover ground slowly.))
((You can hop long distances.))
((Your flesh is heat resistant. (rF+)))
You are somewhat resistant to further mutation.


Message History

Really quaff
k - a potion of invisibility {!q}?
You fade into invisibility!
You are very lightly contaminated with residual magic.
Really quaff
q - 3 potions of brilliance {!q}?
You feel clever all of a sudden.
Really quaff
B - 4 viscous amethyst potions {!q}?
It was a potion of attraction {!q}.
You feel attractive to monsters.
Really quaff
z - a black potion {!q}?
It was a potion of ambrosia {!q}.
You are confused.
You feel invigorated.
Really quaff
G - a murky red potion {!q}?
It was a potion of flight {!q}.
You feel more buoyant.
Really quaff
i - a potion of berserk rage {!q}?
A red film seems to cover your vision as you go berserk!
You feel yourself moving faster!
You feel mighty!
You feel a strong urge to attack something.
You have escaped!

▓.▓.▓.▓.▓.▓.▓.▓.▓.
▓.▓.▓'▓.▓.▓.▓.▓.▓.
▓.▓.▓.▓.▓.▓.▓.▓.▓.
▓.▓.▓.▓.▓.▓.▓.▓.▓.
▓)▓.▓.▓)▓.▓†▓.▓.▓.
▓.▓.▓.▓)▓.▓.▓.▓.▓.
▓.▓.▓.▓)▓.▓.▓.▓.▓.
▓.▓.▓.▓.▓.▓.▓.▓.▓.
▓D▓...▓...▓...▓...
▓▓▓▓▓▓▓▓▓▓▓▓▓▓▓▓▓▓


There were no monsters in sight!

Vanquished Creatures
  Cerebov (D)
  Antaeus (D)
  the Royal Jelly (D)
  Asmodeus (D)
  Gloorx Vloq (D)
  Ereshkigal (D)
  Mnoleg (D)
  Lom Lobon (D)
  Dispater (D)
  5 orbs of fire (D)
  Mara (D)
  Mennas (D)
  4 ancient liches (D)
  Boris (D)
  6 royal mummies (D)
  A Killer Klown (D)
  5 pandemonium lords (D)
  Geryon (D)
  2 golden dragons (D)
  Jory (D)
  A bone dragon (D)
  4 Brimstone Fiends (D)
  5 liches (D)
  2 Ice Fiends (D)
  3 electric golems (D)
  A tentacled monstrosity (D)
  34 Orb Guardians (D)
  6 deep elf blademasters (D)
  3 deep elf master archers (D)
  7 titans (D)
  2 Executioners (D)
  15 acid blobs (D)
  14 sphinxes (D)
  A death cob (D)
  10 shadow dragons (D)
  Frances (D)
  Donald (D)
  A tengu reaver (D)
  5 nagarajas (D)
  Kirke (D)
  7 storm dragons (D)
  Ilsuiw (D)
  11 azure jellies (D)
  13 fire giants (D)
  6 frost giants (D)
  A draconian knight (D)
  A ghost moth (D)
  3 draconian monks (D)
  4 vault wardens (D)
  Louise (D)
  A draconian shifter (D)
  An angel (D)
  An emperor scorpion (D)
  2 warmongers (D)
  3 ironheart preservers (D)
  A very ugly thing (D)
  15 stone giants (D)
  A blood saint (D)
  7 vampire knights (D)
  3 draconian annihilators (D)
  4 red draconians (D)
  5 deep elf demonologists (D)
  A white draconian (D)
  2 green draconians (D)
  6 black draconians (D)
  5 yellow draconians (D)
  Azrael (D)
  2 purple draconians (D)
  2 deep elf annihilators (D)
  A black sun (D)
  2 minotaurs (D)
  2 lorocyprocas (D)
  3 merfolk javelineers (D)
  2 blizzard demons (D)
  An ettin (D)
  4 death oozes (D)
  A spark wasp (D)
  2 green deaths (D)
  8 ogre magi (D)
  6 mummy priests (D)
  Snorg (D)
  3 great orbs of eyes (D)
  3 rakshasas (D)
  7 merfolk impalers (D)
  4 deep elf high priests (D)
  4 fire dragons (D)
  8 yaktaur captains (D)
  3 ice dragons (D)
  4 naga warriors (D)
  A boulder beetle (D)
  A hell beast (D)
  25 vault guards (D)
  14 hydras (D)
  2 spriggan air magi (D)
  3 centaur warriors (D)
  2 merfolk aquamancers (D)
  2 monstrous demonspawn (D)
  An anaconda (D)
  A two-headed ogre (D)
  A death yak (D)
  A deep troll earth mage (D)
  A spriggan berserker (D)
  2 thrashing horrors (D)
  2 hell hogs (D)
  6 deep elf knights (D)
  4 soul eaters (D)
  Nergalle (D)
  A cherub (D)
  2 deep trolls (D)
  A salamander mystic (D)
  A sea snake (D)
  An infernal demonspawn (D)
  An unseen horror (D)
  A swamp dragon (shapeshifter) (D)
  A bog body (D)
  2 spriggan druids (D)
  6 swamp dragons (D)
  2 deep elf archers (D)
  A deep elf mage (D)
  A harpy (D)
  An orb spider (D)
  A mana viper (D)
  5 lindwurms (D)
  7 wolf spiders (D)
  A will-o-the-wisp (D)
  3 orc knights (D)
  A moth of wrath (shapeshifter) (D)
  A cyclops (D)
  2 manticores (D)
  12 moths of wrath (D)
  A toenail golem (D)
  A water nymph (D)
  3 guardian serpents (D)
  Joseph (D)
  A black mamba (D)
  2 vault sentinels (D)
  3 orange demons (D)
  4 naga magi (D)
  2 cane toads (D)
  2 komodo dragons (D)
  A cane toad (shapeshifter) (D)
  A torpor snail (shapeshifter) (D)
  An efreet (D)
  A kobold demonologist (D)
  3 yaktaurs (D)
  A tormentor (D)
  A komodo dragon (shapeshifter) (D)
  16 guardian mummies (D)
  An ice devil (D)
  4 merfolk (D)
  2 red devils (D)
  8 demonic crawlers (D)
  A polar bear (shapeshifter) (D)
  A tengu conjurer (D)
  A wandering mushroom (D)
  4 jumping spiders (D)
  5 trolls (D)
  A tyrant leech (D)
  A wind drake (D)
  2 slime creatures (D)
  A spriggan (shapeshifter) (D)
  A tarantella (D)
  A wraith (D)
  A redback (D)
  A wyvern (D)
  A ynoxinul (D)
  Eustachio (D)
  3 fire elementals (D)
  4 hogs (D)
  A yak (shapeshifter) (D)
  Grum (D)
  2 vampires (D)
  3 golden eyes (D)
  11 spriggans (D)
  4 yaks (D)
  2 neqoxecs (D)
  A chaos spawn (D)
  2 nagas (D)
  2 acid dragons (D)
  4 water moccasins (D)
  A floating eye (D)
  7 hell hounds (D)
  15 orc warriors (D)
  An ice beast (D)
  3 large abominations (D)
  2 swamp drakes (D)
  3 eyes of draining (D)
  A black bear (shapeshifter) (D)
  2 wolves (D)
  3 bullfrogs (D)
  An earth elemental (D)
  2 small abominations (D)
  A scorpion (D)
  2 howler monkeys (D)
  3 orc priests (D)
  An iron imp (D)
  2 orc wizards (D)
  A gnoll (D)
  An adder (D)
  A white imp (D)
  An adder skeleton (D)
  3 worms (D)
  5 orcs (D)
  2 bat zombies (D)
  A giant cockroach (D)
  2 goblins (D)
  A hobgoblin (D)
  A kobold (D)
  2 bats (D)
  7 blocks of ice (D)
  A fire vortex (D)
661 creatures vanquished.

Vanquished Creatures (others)
  2 fire giants (D)
  A hell hog (D)
  A hellwing (D)
  A human (D)
  4 blocks of ice (D)
  A fire vortex (D)
10 creatures vanquished.

Grand Total: 671 creatures vanquished

Notes
Turn   | Place    | Note
-------+----------+-------------------------------------------
     0 | D        | sahdkjhfkaj the Barachi Hunter began the quest for the Orb.
     0 | D        | Reached XP level 1. HP: 17/17 MP: 1/1
    28 | D        | Reached skill level 5 in Throwing
   116 | D        | Noticed a howler monkey
   116 | D        | Noticed a scorpion
   118 | D        | Reached XP level 2. HP: 24/24 MP: 2/2
   119 | D        | Killed a scorpion
   119 | D        | Killed a howler monkey
   120 | D        | Reached skill level 5 in Fighting
   120 | D        | Reached XP level 3. HP: 34/34 MP: 3/3
   120 | D        | Reached XP level 4. HP: 40/40 MP: 4/4
   132 | D        | Found a roughly hewn altar of Beogh.
   132 | D        | Found a snail-covered altar of Cheibriados.
   132 | D        | Found a shadowy altar of Dithmenos.
   132 | D        | Found a white marble altar of Elyvilon.
   132 | D        | Found a blossoming altar of Fedhas.
   132 | D        | Found an opulent altar of Gozag.
   132 | D        | Found a hazy altar of Hepliaklqana.
   133 | D        | Found a viscous altar of Jiyva.
   134 | D        | Found an ancient bone altar of Kikubaaqudgha.
   135 | D        | Found a corrupted altar of Lugonu.
   136 | D        | Found a burning altar of Makhleb.
   137 | D        | Found a sparkling altar of Nemelex Xobeh.
   138 | D        | Found an iron altar of Okawaru.
   139 | D        | Found a stormy altar of Qazlal.
   140 | D        | Found a sacrificial altar of Ru.
   141 | D        | Found a shimmering blue altar of Sif Muna.
   142 | D        | Found a bloodstained altar of Trog.
   143 | D        | Found a hide-covered altar of Uskayaw.
   144 | D        | Found a radiant altar of Vehumet.
   145 | D        | Found an ornate altar of the Wu Jian Council.
   146 | D        | Found a shimmering altar of Xom.
   147 | D        | Found a basalt altar of Yredelemnul.
   148 | D        | Found a glowing silver altar of Zin.
   149 | D        | Found a glowing golden altar of the Shining One.
   155 | D        | Became a worshipper of Warmaster Okawaru
   213 | D        | Noticed a yak
   213 | D        | Noticed an orc warrior
   213 | D        | Noticed a water moccasin
   213 | D        | Noticed an orc warrior
   215 | D        | Killed a water moccasin
   216 | D        | Reached skill level 5 in Evocations
   216 | D        | Reached XP level 5. HP: 42/48 MP: 5/5
   218 | D        | Killed an orc warrior
   218 | D        | Reached * piety under Okawaru
   219 | D        | Reached skill level 10 in Throwing
   219 | D        | Reached XP level 6. HP: 35/57 MP: 6/6
   219 | D        | Killed an orc warrior
   220 | D        | Killed a yak
   220 | D        | Reached ** piety under Okawaru
   221 | D        | Reached skill level 10 in Fighting
   221 | D        | Reached XP level 7. HP: 41/66 MP: 7/7
   439 | D        | Noticed a cyclops
   439 | D        | Noticed a wyvern
   439 | D        | Noticed a four-headed hydra
   439 | D        | Noticed a slime creature
   444 | D        | Killed a slime creature
   448 | D        | Killed a four-headed hydra
   448 | D        | Reached *** piety under Okawaru
   449 | D        | Reached XP level 8. HP: 35/78 MP: 8/8
   449 | D        | Killed a wyvern
   450 | D        | Reached skill level 15 in Throwing
   473 | D        | Reached XP level 9. HP: 65/84 MP: 9/9
   474 | D        | Killed a cyclops
   474 | D        | Reached **** piety under Okawaru
   745 | D        | Noticed a cane toad
   745 | D        | Noticed a four-headed hydra
   745 | D        | Noticed an eight-headed hydra
   745 | D        | Noticed a komodo dragon
   749 | D        | Killed a four-headed hydra
   749 | D        | Noticed a komodo dragon
   750 | D        | Killed an eight-headed hydra
   750 | D        | Reached ***** piety under Okawaru
   750 | D        | Received a gift from Okawaru
   750 | D        | Killed a cane toad
   751 | D        | Reached skill level 15 in Fighting
   751 | D        | Reached XP level 10. HP: 44/96 MP: 10/10
   756 | D        | Received a gift from Okawaru
  1045 | D        | Noticed a lindwurm
  1045 | D        | Noticed a cane toad
  1045 | D        | Noticed a death yak
  1045 | D        | Noticed a five-headed hydra
  1047 | D        | Received a gift from Okawaru
  1049 | D        | Killed a cane toad
  1050 | D        | Killed a five-headed hydra
  1050 | D        | Killed a lindwurm
  1055 | D        | Killed a death yak
  1056 | D        | Reached XP level 11. HP: 53/106 MP: 11/11
  1062 | D        | Received a gift from Okawaru
  1341 | D        | Noticed a lindwurm
  1341 | D        | Noticed a lindwurm
  1341 | D        | Noticed a lindwurm
  1344 | D        | Noticed a lindwurm
  1346 | D        | Killed a lindwurm
  1930 | D        | Killed a lindwurm
  2106 | D        | Killed a lindwurm
  2117 | D        | Killed a lindwurm
  2254 | D        | Noticed Joseph
  2273 | D        | Killed Joseph
  2834 | D        | Noticed an orc knight
  2834 | D        | Noticed an orc knight
  2844 | D        | Killed an orc knight
  2852 | D        | Killed an orc knight
  2859 | D        | Noticed an orc knight
  2923 | D        | Killed an orc knight
  2928 | D        | Reached ****** piety under Okawaru
  3233 | D        | Found Fesipt's Weapon Boutique.
  3233 | D        | Noticed an ogre mage
  3234 | D        | Noticed an ogre mage
  3235 | D        | Received a gift from Okawaru
  3236 | D        | Killed an ogre mage
  3236 | D        | Received a gift from Okawaru
  3237 | D        | Reached XP level 12. HP: 119/119 MP: 12/12
  3240 | D        | Killed an ogre mage
  3242 | D        | Found Retots's Magic Scroll Shop.
  3246 | D        | Found Uhututs's Magic Scroll Boutique.
  3248 | D        | Noticed an ogre mage
  3250 | D        | Killed an ogre mage
  3250 | D        | Received a gift from Okawaru
  3253 | D        | Found Ixeutt's General Store.
  3253 | D        | Noticed an ogre mage
  3270 | D        | Killed an ogre mage
  3277 | D        | Noticed an ogre mage
  3307 | D        | Killed an ogre mage
  3401 | D        | Noticed a stone giant
  3409 | D        | Killed a stone giant
  3927 | D        | Got a shimmering crystal plate armour {god gift}
  3937 | D        | Identified the +16 crystal plate armour of Activism
                  | {Rampage Regen+ Dex+5} (Okawaru gifted it to you in the
                  | Dungeon)
  3992 | D        | Noticed Grum
  4005 | D        | Killed Grum
  4265 | D        | Noticed a two-headed ogre
  4265 | D        | Noticed a centaur warrior
  4267 | D        | Killed a centaur warrior
  4269 | D        | Noticed a stone giant
  4271 | D        | Killed a two-headed ogre
  4278 | D        | Noticed a stone giant
  4282 | D        | Killed a stone giant
  4285 | D        | Noticed an ice dragon
  4288 | D        | Noticed a fire dragon
  4290 | D        | Killed a stone giant
  4291 | D        | Gained mutation: You can hop long distances. [Barachi
                  | growth]
  4291 | D        | Reached XP level 13. HP: 92/130 MP: 13/13
  4344 | D        | Noticed a yaktaur captain
  4348 | D        | Killed an ice dragon
  4352 | D        | Killed a fire dragon
  4352 | D        | Received a gift from Okawaru
  4358 | D        | Killed a yaktaur captain
  4428 | D        | Noticed a stone giant
  4446 | D        | Killed a stone giant
  4536 | D        | Noticed Nergalle
  4543 | D        | Killed Nergalle
  4549 | D        | Noticed Eustachio
  4551 | D        | Noticed Frances
  4555 | D        | Killed Eustachio
  4564 | D        | Killed Frances
  4800 | D        | Noticed Donald
  4816 | D        | Killed Donald
  4906 | D        | Received a gift from Okawaru
  4919 | D        | Received a gift from Okawaru
  5028 | D        | Noticed a merfolk javelineer
  5041 | D        | Killed a merfolk javelineer
  5138 | D        | Received a gift from Okawaru
  5141 | D        | Reached XP level 14. HP: 139/143 MP: 14/14
  5146 | D        | Reached skill level 27 in Throwing
  5348 | D        | Noticed a nagaraja
  5349 | D        | Reached skill level 1 in Invocations
  5351 | D        | Received a gift from Okawaru
  5353 | D        | Received a gift from Okawaru
  5354 | D        | Reached skill level 5 in Armour
  5354 | D        | Reached skill level 5 in Dodging
  5365 | D        | Killed a nagaraja
  5673 | D        | Noticed a frost giant
  5675 | D        | Noticed a vampire knight
  5683 | D        | Killed a frost giant
  5683 | D        | Killed a vampire knight
  5683 | D        | Received a gift from Okawaru
  5684 | D        | Reached skill level 10 in Armour
  5684 | D        | Reached skill level 5 in Invocations
  5828 | D        | Reached skill level 10 in Dodging
  5839 | D        | Received a gift from Okawaru
  5839 | D        | Noticed a fire giant
  5842 | D        | Killed a fire giant
  5842 | D        | Received a gift from Okawaru
  6504 | D        | Noticed a vault warden
  6507 | D        | Killed a vault warden
  6507 | D        | Noticed a vault warden
  6509 | D        | Reached XP level 15. HP: 153/153 MP: 18/20
  6510 | D        | Killed a vault warden
  6530 | D        | Noticed a sphinx
  6543 | D        | Killed a sphinx
  6562 | D        | Noticed a vault warden
  6564 | D        | Noticed a frost giant
  6570 | D        | Reached skill level 15 in Armour
  6570 | D        | Killed a frost giant
  6573 | D        | Killed a vault warden
  6573 | D        | Received a gift from Okawaru
  6671 | D        | Noticed Snorg
  6674 | D        | Killed Snorg
  6682 | D        | Noticed Kirke
  6687 | D        | Killed Kirke
  6687 | D        | Received a gift from Okawaru
  6688 | D        | Reached skill level 15 in Dodging
  6805 | D        | Got the +0 helmet of Focus {rPois rF+ Str+3 Int-5}
  6881 | D        | Noticed Louise
  6886 | D        | Killed Louise
  6908 | D        | Noticed Boris
  6921 | D        | Killed Boris
  6922 | D        | Reached skill level 10 in Shields
  6990 | D        | Noticed an emperor scorpion
  7006 | D        | Killed an emperor scorpion
  7016 | D        | Killed a ghost moth
  7016 | D        | Received a gift from Okawaru
  7144 | D        | Got a gossamer rune of Zot
  7152 | D        | Noticed a nagaraja
  7152 | D        | Noticed a nagaraja
  7152 | D        | Noticed a nagaraja
  7153 | D        | Killed a nagaraja
  7155 | D        | Reached skill level 15 in Shields
  7155 | D        | Killed a nagaraja
  7156 | D        | Killed a nagaraja
  7161 | D        | Reached XP level 16. HP: 163/163 MP: 22/22
  7161 | D        | Noticed a nagaraja
  7173 | D        | Killed a nagaraja
  7200 | D        | Got a serpentine rune of Zot
  7267 | D        | Received a gift from Okawaru
  7287 | D        | Got a decaying rune of Zot
  7297 | D        | Noticed Ilsuiw
  7302 | D        | Received a gift from Okawaru
  7306 | D        | Killed Ilsuiw
  7306 | D        | Received a gift from Okawaru
  7322 | D        | Got a barnacled rune of Zot
  7397 | D        | Noticed Mennas
  7424 | D        | Killed Mennas
  7424 | D        | Received a gift from Okawaru
  7482 | D        | Received a gift from Okawaru
  7486 | D        | Received a gift from Okawaru
  7576 | D        | Reached XP level 17. HP: 169/169 MP: 23/23
  7613 | D        | Noticed a sphinx
  7617 | D        | Killed a sphinx
  7620 | D        | Received a gift from Okawaru
  7626 | D        | Received a gift from Okawaru
  7729 | D        | Got a shimmering turquoise ring
  7751 | D        | Noticed a tentacled monstrosity
  7754 | D        | Killed a tentacled monstrosity
  7761 | D        | Identified the ring "Ocwiwyc" {rElec rC+ EV+4 Int+2 Slay-4}
                  | (You found it in the Dungeon)
  7799 | D        | Received a gift from Okawaru
  7808 | D        | Got a silver rune of Zot
  7868 | D        | Noticed Azrael
  7873 | D        | Killed Azrael
  7925 | D        | Got the ring of Divine Intervention {Fire +Fly Int+4}
  7927 | D        | Got the ring "Ithyutu" {rCorr Int+4}
  7929 | D        | Got the amulet of Doarr {Spirit *Contam Int+3 Slay+3}
  7931 | D        | Got the ring of Hard Scrabble {MR+ SInv}
  7933 | D        | Got the amulet "Zaxegrygh" {RegenMP Str+4}
  7952 | D        | Found the +10 tower shield of Ignorance {rN+ Int-4}
  8054 | D        | Noticed Mara
  8056 | D        | Noticed sahdkjhfkaj's illusion
  8066 | D        | Killed Mara
  8082 | D        | Noticed Jory
  8091 | D        | Killed Jory
  8128 | D        | Reached XP level 18. HP: 177/177 MP: 24/24
  8133 | D        | Received a gift from Okawaru
  8152 | D        | Noticed a bone dragon
  8155 | D        | Reached skill level 27 in Armour
  8157 | D        | Received a gift from Okawaru
  8158 | D        | Killed a bone dragon
  8160 | D        | Noticed a golden dragon
  8165 | D        | Reached skill level 27 in Dodging
  8169 | D        | Killed a golden dragon
  8222 | D        | Noticed a golden dragon
  8224 | D        | Killed a golden dragon
  8225 | D        | Reached skill level 27 in Fighting
  8228 | D        | Received a gift from Okawaru
  8229 | D        | Reached skill level 10 in Stealth
  8229 | D        | Received a gift from Okawaru
  9581 | D        | Fell from the grace of Okawaru
  9581 | D        | Became a worshipper of Sif Muna the Loreminder
 10930 | D        | Reached * piety under Sif Muna
 10932 | D        | Reached ** piety under Sif Muna
 10933 | D        | Reached skill level 15 in Stealth
 10983 | D        | Reached *** piety under Sif Muna
 10987 | D        | Reached **** piety under Sif Muna
 11007 | D        | Reached ***** piety under Sif Muna
 11007 | D        | Identified Sif Muna's Collected Works on Earth and Attacks
                  | (Sif Muna gifted it to you in the Dungeon)
 11007 | D        | Received a gift from Sif Muna
 11009 | D        | Reached XP level 19. HP: 189/189 MP: 25/25
 11216 | D        | Identified Sif Muna's Grimoire of Glacial Bewitchment (Sif
                  | Muna gifted it to you in the Dungeon)
 11216 | D        | Received a gift from Sif Muna
 11232 | D        | Received a gift from Sif Muna
 11240 | D        | Learned a level 5 spell: Borgnjor's Vile Clutch
 11310 | D        | Noticed an electric golem
 11315 | D        | Reached skill level 5 in Spellcasting
 11315 | D        | Reached skill level 5 in Necromancy
 11315 | D        | Reached skill level 5 in Earth Magic
 11317 | D        | Reached ****** piety under Sif Muna
 11317 | D        | Identified Sif Muna's Volume of Snow and Evil (Sif Muna
                  | gifted it to you in the Dungeon)
 11317 | D        | Received a gift from Sif Muna
 11320 | D        | Killed an electric golem
 11356 | D        | Noticed an ancient lich
 11361 | D        | Noticed an Ice Fiend
 11361 | D        | Killed an ancient lich
 11362 | D        | Reached skill level 10 in Spellcasting
 11362 | D        | Reached skill level 10 in Necromancy
 11362 | D        | Reached skill level 10 in Earth Magic
 11370 | D        | Noticed an orb of fire
 11378 | D        | Killed an orb of fire
 11382 | D        | Noticed an electric golem
 11392 | D        | Killed an electric golem
 11537 | D        | Noticed an orb of fire
 11537 | D        | Noticed an orb of fire
 11537 | D        | Noticed a Killer Klown
 11537 | D        | Noticed an orb of fire
 11537 | D        | Noticed an ancient lich
 11540 | D        | Noticed an orb of fire
 11543 | D        | Killed an ancient lich
 11544 | D        | Identified Sif Muna's Tome of Lethal Summoning (Sif Muna
                  | gifted it to you in the Dungeon)
 11544 | D        | Received a gift from Sif Muna
 11545 | D        | Reached XP level 20. HP: 197/197 MP: 33/35
 11545 | D        | Killed an orb of fire
 11545 | D        | Gained mutation: You are somewhat resistant to further
                  | mutation. [an orb of fire]
 11546 | D        | Killed an orb of fire
 11548 | D        | Gained mutation: Your flesh is heat resistant. (rF+) [an
                  | orb of fire]
 11551 | D        | Killed a Killer Klown
 11553 | D        | Killed an orb of fire
 11553 | D        | Killed an orb of fire
 11554 | D        | Reached skill level 15 in Spellcasting
 11554 | D        | Reached skill level 15 in Necromancy
 11554 | D        | Reached skill level 15 in Earth Magic
 11554 | D        | Reached skill level 27 in Stealth
 11604 | D        | Noticed an ancient lich
 11605 | D        | Noticed an electric golem
 11609 | D        | Identified Vobb's Handbook of the Lethal Oath (Sif Muna
                  | gifted it to you in the Dungeon)
 11609 | D        | Received a gift from Sif Muna
 11616 | D        | Reached skill level 10 in Hexes
 11616 | D        | Reached skill level 10 in Translocations
 11618 | D        | Killed an ancient lich
 11629 | D        | Killed an electric golem
 11725 | D        | Identified Sif Muna's Almanac of the Warped Oath (Sif Muna
                  | gifted it to you in the Dungeon)
 11725 | D        | Received a gift from Sif Muna
 11726 | D        | Reached skill level 15 in Hexes
 11726 | D        | Reached skill level 15 in Translocations
 11760 | D        | Identified Sif Muna's Tome of Orientation and Attacks (Sif
                  | Muna gifted it to you in the Dungeon)
 11760 | D        | Received a gift from Sif Muna
 11761 | D        | Reached skill level 15 in Invocations
 11952 | D        | Noticed a lich
 11952 | D        | Noticed an ancient lich
 11954 | D        | Killed an ancient lich
 11954 | D        | Noticed a lich
 11955 | D        | Reached XP level 21. HP: 204/204 MP: 40/40
 11955 | D        | Identified Sif Muna's Catalogue of Earthen Lightness (Sif
                  | Muna gifted it to you in the Dungeon)
 11955 | D        | Received a gift from Sif Muna
 11982 | D        | Identified Sif Muna's Reference Book on the Escort and
                  | Dislocation (Sif Muna gifted it to you in the Dungeon)
 11982 | D        | Received a gift from Sif Muna
 12005 | D        | Identified Sif Muna's Catalogue of Sinister Enchantment
                  | (Sif Muna gifted it to you in the Dungeon)
 12005 | D        | Received a gift from Sif Muna
 12031 | D        | Identified Sif Muna's Rites and Rhymes, Part Five (Sif Muna
                  | gifted it to you in the Dungeon)
 12031 | D        | Received a gift from Sif Muna
 12070 | D        | Identified Meckauw's Catalogue of Displacement (Sif Muna
                  | gifted it to you in the Dungeon)
 12070 | D        | Received a gift from Sif Muna
 12077 | D        | Noticed the Royal Jelly
 12085 | D        | Identified Sif Muna's Catalogue of Malediction (Sif Muna
                  | gifted it to you in the Dungeon)
 12085 | D        | Received a gift from Sif Muna
 12086 | D        | Got an elven rune of Zot
 12103 | D        | Killed the Royal Jelly
 12104 | D        | Reached skill level 27 in Invocations
 12258 | D        | Learned a level 3 spell: Portal Projectile
 12442 | D        | Identified Sif Muna's Tome of the Snowflakes and Shape
                  | Shifting (Sif Muna gifted it to you in the Dungeon)
 12442 | D        | Received a gift from Sif Muna
 12497 | D        | Got a slimy rune of Zot
 12508 | D        | Learned a level 4 spell: Passage of Golubria
 12648 | D        | Identified Sif Muna's Disquisition on Frigorific
                  | Translocation (Sif Muna gifted it to you in the Dungeon)
 12648 | D        | Received a gift from Sif Muna
 12651 | D        | Reached XP level 22. HP: 191/212 MP: 45/49
 12683 | D        | Paralysed by a sphinx for 5 turns
 12696 | D        | Received a gift from Sif Muna
 12732 | D        | Identified Sif Muna's Disquisition on Excruciating Hexes
                  | (Sif Muna gifted it to you in the Dungeon)
 12732 | D        | Received a gift from Sif Muna
 13044 | D        | Identified Sif Muna's Compendium of the Enchanting Compass
                  | (Sif Muna gifted it to you in the Dungeon)
 13044 | D        | Received a gift from Sif Muna
 13174 | D        | Noticed a royal mummy
 13174 | D        | Noticed a royal mummy
 13174 | D        | Noticed a royal mummy
 13174 | D        | Noticed a royal mummy
 13174 | D        | Noticed a royal mummy
 13179 | D        | Killed a royal mummy
 13180 | D        | Killed a royal mummy
 13181 | D        | Reached skill level 27 in Spellcasting
 13181 | D        | Killed a royal mummy
 13187 | D        | Killed a royal mummy
 13187 | D        | Identified Sif Muna's Compendium of Destructive Evil (Sif
                  | Muna gifted it to you in the Dungeon)
 13187 | D        | Received a gift from Sif Muna
 13187 | D        | HP: 9/212 [royal mummy/divine providence (16)]
 13188 | D        | Reached skill level 15 in Evocations
 13194 | D        | Killed a royal mummy
 13209 | D        | Noticed a royal mummy
 13866 | D        | Killed a royal mummy
 13867 | D        | Reached skill level 10 in Long Blades
 13939 | D        | Got a golden rune of Zot
 13948 | D        | Identified Sif Muna's Catalogue of Dark Secrets (Sif Muna
                  | gifted it to you in the Dungeon)
 13948 | D        | Received a gift from Sif Muna
 13997 | D        | Got an abyssal rune of Zot
 14120 | D        | Noticed Geryon
 14170 | D        | Killed Geryon
 14177 | D        | Noticed Ereshkigal
 14177 | D        | Identified the +7 sceptre of Asmodeus
 14177 | D        | Noticed Asmodeus
 14177 | D        | Noticed Gloorx Vloq
 14191 | D        | Killed Gloorx Vloq
 14203 | D        | HP: 5/212 [Asmodeus/damnation (31)]
 14206 | D        | Killed Asmodeus
 14220 | D        | Paralysed by Ereshkigal for 5 turns
 14221 | D        | Killed Ereshkigal
 14221 | D        | Identified Henatugg's Catalogue of Black Secrets and
                  | Creation (Sif Muna gifted it to you in the Dungeon)
 14221 | D        | Received a gift from Sif Muna
 14435 | D        | Got a dark rune of Zot
 14436 | D        | Noticed Antaeus
 14441 | D        | Identified the +6 sword of Cerebov {flame}
 14441 | D        | Noticed Cerebov
 14443 | D        | Killed Antaeus
 14444 | D        | Reached skill level 27 in Long Blades
 14444 | D        | Reached XP level 23. HP: 145/219 MP: 44/54
 14444 | D        | Killed Cerebov
 14446 | D        | Noticed Lom Lobon
 14448 | D        | Identified the +4 staff of Dispater
 14448 | D        | Noticed Dispater
 14449 | D        | Killed Lom Lobon
 14450 | D        | Noticed Mnoleg
 14468 | D        | Killed Mnoleg
 14477 | D        | Killed Dispater
 14479 | D        | Got a bone rune of Zot
 14483 | D        | Got an obsidian rune of Zot
 14795 | D        | Got an icy rune of Zot
 14799 | D        | Got a fiery rune of Zot
 14804 | D        | Got a magical rune of Zot
 14808 | D        | Got an iron rune of Zot
 14812 | D        | Got a glowing rune of Zot
 15412 | D        | Got the Orb of Zot
 15679 | D        | Identified Qaofeich's Tome of Earthen Evil (Sif Muna gifted
                  | it to you in the Dungeon)
 15679 | D        | Received a gift from Sif Muna
 15817 | D        | Was forgiven by Okawaru
 15945 | D        | Received a gift from Sif Muna
 16201 | D        | Identified Sif Muna's Disquisition on Mutagenic Evil
                  | Secrets (Sif Muna gifted it to you in the Dungeon)
 16201 | D        | Received a gift from Sif Muna
 16211 | D        | Learned a level 7 spell: Dragon Form
 16402 | D        | Reached skill level 10 in Transmutations
 16465 | D        | Received a gift from Sif Muna
 16759 | D        | Reached skill level 15 in Transmutations
 16784 | D        | Noticed Fakeg the pandemonium lord
 16814 | D        | Killed Fakeg the pandemonium lord
 16821 | D        | Identified Sif Muna's Tome of Curses and Shape Shifting
                  | (Sif Muna gifted it to you in the Dungeon)
 16821 | D        | Received a gift from Sif Muna
 16822 | D        | Reached XP level 24. HP: 106/227 MP: 47/54
 17051 | D        | Identified Sif Muna's Papyrus of Moulding (Sif Muna gifted
                  | it to you in the Dungeon)
 17051 | D        | Received a gift from Sif Muna
 17213 | D        | Noticed Qozuyked the pandemonium lord
 17226 | D        | Killed Qozuyked the pandemonium lord
 17236 | D        | Noticed Aczekich the pandemonium lord
 17242 | D        | Killed Aczekich the pandemonium lord
 17242 | D        | Received a gift from Sif Muna
 17308 | D        | Noticed Masaowym the pandemonium lord
 17320 | D        | Killed Masaowym the pandemonium lord
 17381 | D        | Received a gift from Sif Muna
 17585 | D        | Noticed Quabas the pandemonium lord
 17585 | D        | Paralysed by Quabas for 2 turns
 17600 | D        | Killed Quabas the pandemonium lord
 17662 | D        | Escaped with the Orb!

Illustrated notes

Levels and vault maps discovered:
D:        linesprint [early_d, line_temple, items_1, d_10, items_2, lair_1,
          lair_end, items_3, orc_1, orc_end, items_4, d_15, swamp_1, shoals_1,
          snake_1, spider_1, d_20, vaults_1, items_5, swamp_end, shoals_end,
          snake_end, spider_end, vaults_end, d_27, items_6, zot_1, zot_end,
          crypt_end, forest_end, elf_end, slime_end, tomb_end, abyss_end,
          pan_hell_end]

Skill      XL: |  1  2  3  4  5  6  7  8  9 10 11 12 13 14 15 16 17 18 19 20 21 22 23 24 |
---------------+-------------------------------------------------------------------------+-----
Fighting       | 3 5 7 8 10 12 15 16 19 21 23 24 25 27 | 27.0
Throwing       | 5 7 9 10 12 14 15 17 19 22 24 26 27 | 27.0
Evocations     | 4 5 18 | 18.0
Armour         | 12 16 18 25 27 | 27.0
Dodging        | 12 15 17 24 27 | 27.0
Invocations    | 7 8 18 27 | 27.0
Shields        | 16 25 | 25.0
Stealth        | 19 26 27 | 27.0
Spellcasting   | 11 15 23 27 | 27.0
Necromancy     | 11 15 19 | 19.7
Earth Magic    | 11 15 20 | 20.4
Hexes          | 15 21 | 21.1
Translocations | 15 21 | 21.1
Long Blades    | 27 | 27.0
Transmutations | 17 26 | 26.8

Action                   |  1- 3 |  4- 6 |  7- 9 | 10-12 | 13-15 | 16-18 | 19-21 | 22-24 || total
-------------------------+-------+-------+-------+-------+-------+-------+-------+-------++-------
Melee: Short sword       |    24 |     5 |       |       |       |       |       |       ||    29
       Rapier            |       |       |    18 |    52 |       |       |       |       ||    70
       Scimitar          |       |       |       |     2 |    54 |    83 |   135 |   602 ||   876
       Unarmed           |       |       |       |       |       |       |       |     1 ||     1
       Bite              |       |       |       |       |       |       |       |     1 ||     1
Throw: Javelin           |     3 |     3 |    12 |    33 |   141 |   209 |   184 |   175 ||   760
       Throwing net      |       |       |       |     1 |     1 |       |       |       ||     2
       Boomerang         |       |       |       |    97 |    77 |       |     5 |       ||   179
       Dart              |       |       |       |    10 |     3 |       |       |     2 ||    15
 Cast: Borgnjor's Vile C |       |       |       |       |       |       |     1 |    21 ||    22
       Portal Projectile |       |       |       |       |       |       |     1 |     4 ||     5
       Passage of Golubr |       |       |       |       |       |       |       |     6 ||     6
       Absolute Zero     |       |       |       |       |       |       |       |    11 ||    11
       Fire Storm        |       |       |       |       |       |       |       |     2 ||     2
       Dragon Form       |       |       |       |       |       |       |       |     2 ||     2
Invok: Heroism           |       |       |       |       |       |     1 |       |       ||     1
       Finesse           |       |       |       |       |       |     1 |       |       ||     1
       Divine Exegesis   |       |       |       |       |       |       |       |    13 ||    13
       Channel Magic     |       |       |       |       |       |       |       |     1 ||     1
 Abil: Hop               |       |       |       |     4 |     2 |       |     1 |       ||     7
       Cancel Portal Pro |       |       |       |       |       |       |     1 |       ||     1
       End Transformatio |       |       |       |       |       |       |       |     1 ||     1
Evoke: Wand              |       |     4 |     3 |     3 |       |       |       |       ||    10
  Use: Scroll            |       |       |     1 |     1 |       |       |       |     1 ||     3
       Potion            |       |       |     2 |     3 |     1 |     1 |       |    27 ||    34
 Stab: Invisible         |       |       |       |     1 |       |       |       |       ||     1
       Sleeping          |       |       |       |       |       |       |     2 |       ||     2
Armor: Leather armour    |     6 |     2 |       |       |       |       |       |       ||     8
       Plate armour      |       |     1 |    11 |    46 |       |       |       |       ||    58
       Crystal plate arm |       |       |       |    17 |   145 |    42 |    72 |   132 ||   408
Dodge: Dodged            |    17 |     4 |     7 |    20 |    27 |    21 |    51 |   104 ||   251
Block: Tower shield      |       |       |       |       |    18 |   152 |   274 |   588 ||  1032
       Rpst.: Scimitar   |       |       |       |       |    10 |     2 |    11 |    15 ||    38

Table legend: (Time is in decaauts) A = Elapsed time spent in this place. B = Non-inter-level travel time spent in this place. C = Inter-level travel time spent in this place. D = Time resting spent in this place. E = Time spent auto-exploring this place. F = Levels seen in this place. G = Mean time per level. A B C D E F G +--------+--------+--------+--------+--------+-----+--------+ Total | 19144 | 14047 | 5097 | 4321 | 6358 | 1 | 19144.0 | Dungeon | 19144 | 14047 | 5097 | 4321 | 6358 | 1 | 19144.0 | +--------+--------+--------+--------+--------+-----+--------+

Top non-repeatable levels by time:
       D: 19144 daAuts
